 Dungeon Crawl Stone Soup version 0.29-a0-1065-g47a6bb87d6 (webtiles) character file.

Game seed: 8883183552896327714

27 nickcage the Cudgeller (level 2, -5/26 HPs)
             Began as a Minotaur Abyssal Knight on Aug 18, 2022.
             Was a Believer of Lugonu.
             Slain by Terence
             ... wielding a +0 short sword
              (6 damage)
             ... on level 2 of the Dungeon.
             The game lasted 00:01:26 (1116 turns).

nickcage the Cudgeller (Minotaur Abyssal Knight)    Turns: 1116, Time: 00:01:26

Health: -5/26      AC:  5    Str: 17    XL:     2   Next: 93%
Magic:  2/2        EV: 10    Int:  7    God:    Lugonu [**....]
Gold:   49         SH:  0    Dex: 10    Spells: 1/1 levels left

rFire   . . .      SeeInvis .   a - +1 mace
rCold   . . .      Faith    .   (no shield)
rNeg    . . .      Spirit   .   m - +0 ring mail
rPois   .          Reflect  .   (helmet restricted)
rElec   .          Harm     .   (no cloak)
rCorr   .          Rampage  .   (no gloves)
Will    .....                   (no boots)
Stlth   ..........              (no amulet)
HPRegen 0.08/turn               (no ring)
MPRegen 0.08/turn               (no ring)

@: no status effects
A: horns 2, retaliatory headbutt
a: Renounce Religion, Depart the Abyss, Bend Space


You were on level 2 of the Dungeon.
You worshipped Lugonu.
Lugonu was pleased with you.
You visited 1 branch of the dungeon, and saw 2 of its levels.
You visited the Abyss 1 time.

You collected 49 gold pieces.

Inventory:

Hand Weapons
 a - a +1 mace (weapon)
Armour
 b - a +0 leather armour
 m - a +0 ring mail (worn)
Scrolls
 e - a scroll of blinking {unknown}
 g - a scroll of butterflies {unknown}
 h - a scroll of poison {unknown}
 i - a scroll of teleportation {unknown}
 l - a scroll of fear {unknown}
Potions
 c - 2 potions of mutation {unknown}
 d - a potion of might {unknown}
 f - a potion of magic {unknown}
 j - 2 potions of attraction {unknown}
 k - a potion of heal wounds {unknown}


   Skills:
 - Level 3.6 Fighting
 * Level 4.2 Maces & Flails
 - Level 2.4 Armour
 - Level 1.1 Dodging
 - Level 1.7 Invocations


You had one spell level left.
You didn't know any spells.
Your spell library was empty.

Dungeon Overview and Level Annotations

Branches:
Dungeon (2/15)

Altars:

Annotations:
D:2 Terence


Innate Abilities, Weirdness & Mutations

You have a pair of horns on your head.
You reflexively headbutt those who attack you in melee.


Message History

The frilled lizard hisses angrily.
The hobgoblin closely misses you.
You barely miss the hobgoblin. Your headbutt misses the hobgoblin.
A ball python comes into view.
A rat comes into view.
The hobgoblin barely misses you.
You closely miss the hobgoblin.
The ball python hisses angrily.
Your headbutt misses the hobgoblin. The hobgoblin hits you.
You hit the hobgoblin but do no damage. Your headbutt misses the hobgoblin.
The hobgoblin hits you.
Terence says, "Time to say good-bye..."
You hit the hobgoblin.
You kill the hobgoblin!
Lugonu accepts your kill. Terence barely misses you.
You hit Terence. Your headbutt misses Terence.
Terence is lightly wounded.
Terence hits you but does no damage.
You closely miss Terence. Your headbutt misses Terence.
Terence is lightly wounded.
Terence hits you with a +0 short sword.
You hit Terence.
Terence is moderately wounded.
Terence hits you with a +0 short sword.
You barely miss Terence.
Terence is moderately wounded.
Terence hits you with a +0 short sword.
You are too injured to fight recklessly!
You are too injured to fight recklessly!
You are too injured to fight recklessly!
You sock Terence! You headbutt Terence.
Terence is severely wounded.
Terence hits you with a +0 short sword!
* * * LOW HITPOINT WARNING * * *
Terence zaps a wand.
The puff of flame hits you.
* * * LOW HITPOINT WARNING * * *
You barely miss Terence.
Terence is severely wounded.
Terence hits you with a +0 short sword.
You die...

..........#
..[.......#
..........#
########..#
#.## #.#
#.# #.# #@#
#@# #l# #S#
.r. .## .
.#


You could see Terence, a ball python, a frilled lizard and a rat.

Vanquished Creatures
  An endoplasm (D:1)
  A giant cockroach (D:1)
  A goblin (D:1)
  4 hobgoblins
  3 quokkas (D:1)
  3 ball pythons
  2 bats (D:1)
  A frilled lizard (D:1)
  5 kobolds (D:1)
  3 rats (D:1)
24 creatures vanquished.

Notes
Turn   | Place    | Note
-------+----------+-------------------------------------------
     0 | Abyss:1  | nickcage the Minotaur Abyssal Knight began the quest for
                  | the Orb.
     0 | Abyss:1  | Reached XP level 1. HP: 19/19 MP: 1/1
     1 | D:1      | Escaped the Abyss
   209 | D:1      | Reached skill level 3 in Maces & Flails
   263 | D:1      | Reached XP level 2. HP: 13/26 MP: 2/2
   787 | D:1      | Reached skill level 4 in Maces & Flails
  1104 | D:2      | Noticed Terence
  1115 | D:2      | HP: 1/26 [Terence/puff of flame (5)]
  1116 | D:2      | Slain by Terence

Illustrated notes

Levels and vault maps discovered:
D:1:      dpeg_arrival_round_a, layout_basic
D:2:      minmay_roachtagon, layout_rooms, uniq_crazy_yiuf_cottage, uniq_terence

Skill      XL: |  1  2 |
---------------+-------+-----
Maces & Flails | 3 4 |  4.2
Fighting       | |  3.6
Armour         | |  2.4
Dodging        | |  1.1
Invocations    | |  1.7

Action                   || total
-------------------------++-------
Melee: Mace              ||    47
       Headbutt          ||     4
       Punch             ||     1
Armor: Leather armour    ||    10
       Ring mail         ||     3
Dodge: Dodged            ||    24

Table legend: (Time is in decaauts)
 A = Elapsed time spent in this place.
 B = Non-inter-level travel time spent in this place.
 C = Inter-level travel time spent in this place.
 D = Time resting spent in this place.
 E = Time spent auto-exploring this place.
 F = Levels seen in this place.
 G = Mean time per level.
                   A        B        C        D        E       F      G
               +--------+--------+--------+--------+--------+-----+--------+
         Total |   1125 |   1088 |     37 |      6 |    942 |   3 |  375.0 |
       Dungeon |   1124 |   1087 |     37 |      6 |    942 |   2 |  562.0 |
         Abyss |      1 |      1 |      0 |      0 |      0 |   1 |    1.0 |
               +--------+--------+--------+--------+--------+-----+--------+

Top non-repeatable levels by time:
     D:1: 1098 daAuts
     D:2: 25 daAuts
 Abyss:1: 1 daAuts
